 Dungeon Crawl Stone Soup version 0.22-a0-252-gcace5d2 (webtiles) character file.

57 Amnesiac the Ducker (level 3, -1/19 HPs)
             Began as a Spriggan Fighter on Mar 1, 2018.
             Slain by Amnesiac's ghost (12 damage)
             ... on level 3 of the Dungeon.
             The game lasted 00:01:56 (681 turns).

Amnesiac the Ducker (Spriggan Fighter)               Turns: 681, Time: 00:01:57

Health: -1/19      AC:  2    Str: 13    XL:     3   Next: 73%
Magic:  4/4        EV: 20    Int: 12    God:
Gold:   71         SH:  6    Dex: 15    Spells: 2/2 levels left

rFire    . . .     SeeInvis +   a - +0 long sword
rCold    . . .     Gourm    .   c - +0 buckler
rNeg     . . .     Faith    .   l - +0 robe
rPois    .         Spirit   .   (helmet restricted)
rElec    .         Reflect  .   (no cloak)
rCorr    .         Harm     .   (gloves unavailable)
MR       .....                  (boots unavailable)
Stlth    +.........             (no amulet)
HPRegen  0.06/turn              h - +3 ring of intelligence
MPRegen  0.09/turn              (no ring)

@: very quick
A: very small, unfitting armour, see invisible, herbivore, speed 3, slow
metabolism 2
a: no special abilities


You were on level 3 of the Dungeon.
You were not hungry.

You visited 1 branch of the dungeon, and saw 4 of its levels.

You collected 71 gold pieces.

Inventory:

Hand Weapons
 a - a +0 long sword (weapon)
 b - a +0 blowgun
 t - a +0 dagger of speed
Missiles
 j - 30 stones (quivered)
 k - 12 poisoned needles
 s - 26 sling bullets
Armour
 c - a +0 buckler (worn)
 l - a +0 robe (worn)
Jewellery
 h - a +3 ring of intelligence (left hand)
Scrolls
 e - a scroll of blinking {!r, unknown}
 g - 3 scrolls of remove curse {!r, unknown}
 m - 2 scrolls of identify {!r, unknown}
 n - a scroll of teleportation {!r, unknown}
 o - a scroll of enchant weapon {!r, unknown}
 q - a scroll of amnesia {!r, unknown}
 r - a scroll of enchant armour {!r, unknown}
Potions
 d - a potion of might {!q}
 i - 2 potions of haste {!q, unknown}
 p - a potion of lignification {!q, unknown}
Comestibles
 f - 5 rations


   Skills:
 + Level 2.9 Fighting
 - Level 2.0 Long Blades
 * Level 5.9 Dodging
 - Level 2.1 Shields


You had 2 spell levels left.
You didn't know any spells.

Dungeon Overview and Level Annotations

Branches:
Dungeon (4/15)
 Temple: D:4-7

Altars:

Annotations:
D:3 Amnesiac's ghost, amateur SpFi


Innate Abilities, Weirdness & Mutations

You are very small and have problems with some larger weapons.
You are too small for most types of armour.
You have supernaturally acute eyesight. (SInv)
You are a herbivore.
You cover ground extremely quickly.
You need consume almost no food.


Message History

The orc is almost dead.
The orc hits you with a mace.
You completely miss the orc.
The orc is almost dead.
You hear the slow rusting of a very distant drain.
The orc misses you.
You closely miss the orc.
The orc is almost dead.
The orc closely misses you.
You riposte.
You barely miss the orc.
The orc is almost dead.
You hit the orc.
You kill the orc!
You hit the orc.
The orc is moderately wounded.
The orc closely misses you.
You hit the orc.
The orc is heavily wounded.
The orc hits you but does no damage. The orc completely misses you.
You barely miss the orc.
The orc is heavily wounded.
The orc completely misses you.
You hit the orc.
You kill the orc!
You barely miss the worm. You block the worm's attack.
You hit the worm but do no damage. The worm misses you.
You riposte.
You hit the worm.
The worm is lightly wounded.
You hit the worm.
The worm is moderately wounded.
The worm misses you.
You slash the worm!
The worm is severely wounded.
You barely miss the worm.
The worm is severely wounded.
You block the worm's attack.
You slash the worm!
You kill the worm!
No target in view!
No target in view!
Items here: )))) [[ †† You found a teleport trap!
Found a silvery potion.
You hear the rusting of a very distant drain.
A ball python comes into view.
A ball python is nearby!
The ball python hisses angrily.
Found a flail.
The ball python completely misses you. The ball python barely misses you.
You hit the ball python.
You kill the ball python!
No target in view!
No target in view!
Amnesiac's ghost is too close now for your liking.
Amnesiac's ghost is nearby!
Amnesiac's ghost turns its malevolent gaze towards you.
You hit Amnesiac's ghost.
Amnesiac's ghost is lightly damaged.
Amnesiac's ghost hits you.
You miss Amnesiac's ghost.
Amnesiac's ghost is lightly damaged.
Amnesiac's ghost shrieks, "You will join me soon!"
Amnesiac's ghost hits you!
Ouch! That really hurt!
You die...

..#
#.#####..†##....####
..#
#.......####>.....#
##### #..######
#....#..# ....#
##..##### #<..o# .#
###.### #.......#
#....)# #
..#)..#####.#####.#
#####o..#
#.###....##.#### .#
#Wo...
#.>#####.......##W##
.....
##....#####.##..@..#
####$
#####..##......###...#
# ##.##......# ..# #
#.##......# ##
#.#.......# ..
##.........# #####..!#
#####..........#
#.^...#
...)..###....<.# ###.#
########...#...##
####...#


You could see Amnesiac's ghost.

Vanquished Creatures
  An adder (D:2)
  An adder zombie (D:3)
  A worm (D:3)
  2 dart slugs
  2 leopard geckos
  6 orcs (D:3)
  A giant cockroach (D:3)
  2 goblins
  2 hobgoblins
  2 ball pythons
  3 bats
  3 frilled lizards
  5 kobolds
  4 rats
35 creatures vanquished.

Notes
Turn   | Place    | Note
-------+----------+-------------------------------------------
     0 | D:1      | Amnesiac the Spriggan Fighter began the quest for the Orb.
     0 | D:1      | Reached XP level 1. HP: 11/11 MP: 2/2
   124 | D:1      | Reached XP level 2. HP: 16/16 MP: 3/3
   186 | D:2      | Reached skill level 5 in Dodging
   310 | D:3      | Reached XP level 3. HP: 18/19 MP: 4/4
   365 | D:3      | Noticed Amnesiac's ghost (amateur SpFi)
   681 | D:3      | Slain by Amnesiac's ghost

Vault maps used:
D:1:      lemuel_arrival_behind_the_door_small, minmay_stone_trees_medium
D:3:      gup_sewer_entry_bowl, minmay_misc_feat_cross, uniq_natasha
D:4:      old_standard_altar, uniq_edmund

Skill      XL: |  1  2 |
---------------+-------+-----
Long Blades    | 2 |  2.0
Dodging        | 5 |  5.9
Fighting       | |  2.9
Shields        | |  2.1

Action                   || total
-------------------------++-------
Melee: Long sword        ||    98
 Stab: Sleeping          ||     1
Armor: Robe              ||     8
Dodge: Dodged            ||    83
Block: Buckler           ||    24
       Rpst.: Long sword ||    24

Table legend:
 A = Spawn XP
 B = Non-spawn XP
 C = Spawn XP percentage of total XP
 D = Spawn monster count
 E = Non-spawn monster count
 F = Spawn count percentage of total count
 G = Total turns spent on level
                    A         B        C        D         E        F      G
               +---------+---------+-------+---------+---------+-------+---------
         Total |       0 |      82 |   0.0 |       0 |      35 |   0.0 |   681
               +---------+---------+-------+---------+---------+-------+---------
           D:1 |       0 |      12 |   0.0 |       0 |       6 |   0.0 |   155
           D:2 |       0 |      21 |   0.0 |       0 |       6 |   0.0 |    97
           D:3 |       0 |      49 |   0.0 |       0 |      23 |   0.0 |   418
               +---------+---------+-------+---------+---------+-------+---------
